 Dungeon Crawl Stone Soup version 0.24.0-37-gcf1ca852f1 (webtiles) character file.

Game seed: 2879477705004778825, levelgen mode: deterministic

209 Descartes the Skirmisher (level 6, -5/48 HPs)
             Began as a Formicid Abyssal Knight on Nov 22, 2019.
             Was a Believer of Lugonu.
             Slain by an ogre
             ... wielding a cursed -3 giant club
              (8 damage)
             ... on level 3 of the Dungeon.
             The game lasted 00:05:34 (2364 turns).

Descartes the Skirmisher (Formicid Abyssal Knight)  Turns: 2364, Time: 00:05:35

Health: -5/48      AC:  6    Str: 17    XL:     6   Next: 12%
Magic:  8/8        EV: 10    Int: 13    God:    Lugonu [**....]
Gold:   121        SH:  0    Dex: 10    Spells: 5/5 levels left

rFire    . . .     SeeInvis +   a - +1 hand axe
rCold    . . .     Gourm    .   (no shield)
rNeg     . . .     Faith    .   o - +0 scale mail
rPois    .         Spirit   .   (helmet unavailable)
rElec    .         Reflect  .   (no cloak)
rCorr    .         Harm     .   (no gloves)
MR       .....                  (no boots)
Stlth    ..........             (no amulet)
HPRegen  0.16/turn              (no ring)
MPRegen  0.11/turn              (no ring)

@: no status effects
A: permanent stasis, dig shafts and tunnels, four strong arms, antennae 3
a: Dig, Shaft Self, Depart the Abyss, Bend Space, Renounce Religion


You were on level 3 of the Dungeon.
You worshipped Lugonu.
Lugonu was pleased with you.
You were near starving.

You visited 1 branch of the dungeon, and saw 3 of its levels.
You visited the Abyss 1 time.

You collected 121 gold pieces.

Inventory:

Hand Weapons
 a - a +1 hand axe (weapon)
Missiles
 d - 25 bolts
 f - 6 atropa-tipped darts (quivered)
 g - 25 arrows
 k - 68 stones
 m - 3 large rocks
Armour
 b - a +0 leather armour
 e - a +0 ring mail
 o - a +0 scale mail (worn)
Potions
 h - 4 potions of curing
 i - a potion of agility
 j - a potion of invisibility
Comestibles
 c - 3 rations


   Skills:
 + Level 4.2 Fighting
 + Level 3.1 Axes
 + Level 3.4 Armour
 + Level 2.2 Dodging
 + Level 3.6 Invocations


You had 5 spell levels left.
You didn't know any spells.
Your spell library was empty.

Dungeon Overview and Level Annotations

Branches:
Dungeon (3/15)

Altars:
Ashenzari
Gozag
Sif Muna
Uskayaw
Xom

Annotations:
D:3 Grinder


Innate Abilities, Weirdness & Mutations

You cannot be hasted, slowed, berserked, paralysed or teleported.
You can dig through walls and to a lower floor.
Your four strong arms can wield two-handed weapons with a shield.
You have a pair of large antennae on your head. (SInv)


Message History

You hit the ogre but do no damage.
The ogre is severely wounded.
The ogre barely misses you.
Your scale mail prevents you from hitting the ogre.
The ogre is severely wounded.
The ogre misses you.
You hit the ogre.
The ogre is severely wounded.
The ogre closely misses you.
You barely miss the ogre.
The ogre is severely wounded.
You hit the ogre.
The ogre is almost dead.
The ogre hits you with a cursed -3 giant club!!
Ouch! That really hurt!
* * * LOW HITPOINT WARNING * * *
You barely miss the ogre.
The ogre is almost dead.
The ogre hits you with a cursed -3 giant club!
You die...

#....O.# #.######
#.# #.# #O# #.#
#.### #.#O##.#
#..#@#.# #.####.#
#.# #.# #.# #.#
#.# #.# . #.# #.#
. #.# #.######
##.
#.####......#####
#..
#...............#
#..


You could see an ogre.

Vanquished Creatures
  A centaur (D:3)
  Robin (D:1)
  5 adders (D:2)
  An ooze (D:1)
  3 worms (D:2)
  A dart slug (D:1)
  A leopard gecko (D:2)
  A ball python (D:2)
  3 bats
  3 giant cockroaches (D:2)
  12 goblins
  7 hobgoblins
  3 jackals (D:1)
  A quokka (D:2)
  3 frilled lizards
  7 kobolds
  8 rats
61 creatures vanquished.

Notes
Turn   | Place    | Note
-------+----------+-------------------------------------------
     0 | Abyss:1  | Descartes the Formicid Abyssal Knight began the quest for
                  | the Orb.
     0 | Abyss:1  | Reached XP level 1. HP: 18/18 MP: 2/2
     5 | Abyss:1  | Noticed a large abomination
     7 | D:1      | Escaped the Abyss
    67 | D:1      | Reached skill level 1 in Dodging
    72 | D:1      | Reached XP level 2. HP: 21/24 MP: 3/3
   165 | D:1      | Reached XP level 3. HP: 23/29 MP: 4/4
   299 | D:1      | Reached ** piety under Lugonu
   535 | D:2      | Found a shimmering blue altar of Sif Muna.
   563 | D:2      | Noticed Robin
   585 | D:1      | Killed Robin
   585 | D:1      | Reached XP level 4. HP: 22/37 MP: 6/6
  1363 | D:2      | Reached XP level 5. HP: 38/42 MP: 7/7
  1406 | D:2      | Found a hide-covered altar of Uskayaw.
  1410 | D:2      | Found an opulent altar of Gozag.
  1410 | D:2      | Found a shimmering altar of Xom.
  1410 | D:2      | Found a shattered altar of Ashenzari.
  1717 | D:2      | Reached skill level 4 in Fighting
  2152 | D:3      | Noticed a centaur
  2152 | D:3      | Noticed Grinder
  2170 | D:3      | Killed a centaur
  2170 | D:3      | Reached XP level 6. HP: 25/48 MP: 8/8
  2329 | D:3      | Noticed an ogre
  2364 | D:3      | Slain by an ogre

Levels and vault maps discovered:
D:1:      minmay_arrival_hallway, layout_rooms, serial_bayou_pond_d,
          serial_bayou_pond_a
D:2:      layout_rooms, nicolae_overflow_hidden_temple, serial_aquarium,
          aquarium_bridge_square [aquarium_subvault_bridge,
          aquarium_subvault_bridge, aquarium_subvault_window,
          aquarium_subvault_wall], aquarium_bridge_long_separate
          [aquarium_subvault_bridge, aquarium_subvault_balcony,
          aquarium_subvault_bridge, aquarium_subvault_balcony,
          aquarium_subvault_wall, aquarium_subvault_bridge],
          aquarium_window_corridor_3, aquarium_window_2, aquarium_window_2,
          aquarium_view_2c, uniq_robin
D:3:      layout_loops_ring, grunt_temple_overflow_holy_war, first_ration,
          uniq_sigmund, uniq_grinder

Skill      XL: |  1  2  3  4  5 |
---------------+----------------+-----
Dodging        | 1 2 |  2.2
Invocations    | 3 |  3.6
Armour         | 3 |  3.4
Fighting       | 4 |  4.2
Axes           | 3 |  3.1

Action                   |  1- 3 |  4- 6 || total
-------------------------+-------+-------++-------
Melee: Hand axe          |    97 |   145 ||   242
 Abil: Dig               |       |    13 ||    13
  Use: Scroll            |       |     5 ||     5
  Eat: Chunk             |       |     4 ||     4
Armor: Ring mail         |    43 |    20 ||    63
       Scale mail        |       |    29 ||    29
Dodge: Dodged            |    78 |    83 ||   161
